 Dungeon Crawl Stone Soup version 0.29.1 (webtiles) character file.

Game seed: 1008068533725317598

16538 qw the Cleaver (level 12, -7/76 HPs)
             Began as a Gargoyle Fighter on Sept 13, 2022.
             Was a High Priest of Okawaru.
             Mangled by Rupert
             ... wielding a +1 battleaxe of freezing
              (28 damage)
             ... on level 3 of the Lair of Beasts.
             The game lasted 00:04:22 (11703 turns).

qw the Cleaver (Gargoyle Fighter)                  Turns: 11703, Time: 00:04:22

Health: -7/76      AC: 41    Str: 28    XL:     12   Next: 38%
Magic:  13/19      EV: 11    Int:  8    God:    Okawaru [*****.]
Gold:   332        SH:  6    Dex:  9    Spells: 11/11 levels left

rFire   + . .      SeeInvis +   Y - +1 war axe
rCold   . . .      Faith    .   c - +0 buckler
rNeg    + . .      Spirit   .   v - +4 crystal plate armour of Daisies {Harm Str+2 Slay+2}
rPois   inf        Reflect  .   n - +0 helmet
rElec   +          Harm     +   (no cloak)
rCorr   .          Rampage  .   g - +0 pair of gloves
Will    .....                   k - +0 pair of boots
Stlth   ..........              (no amulet)
HPRegen 0.22/turn               h - ring of see invisible
MPRegen 0.16/turn               u - +4 ring of evasion

@: heroic, finesse-ful
A: sickness immunity, AC +8, negative energy resistance 1, electricity
resistance, torment resistance 1, petrification resistance, fire resistance 1,
evolution 1
a: Renounce Religion, Heroism, Finesse, Duel


You were on level 3 of the Lair of Beasts.
You worshipped Okawaru.
Okawaru was extremely pleased with you.
You visited 2 branches of the dungeon, and saw 11 of its levels.
You also visited: Sewer.

You collected 881 gold pieces.
You spent 549 gold pieces at shops.


Innate Abilities, Weirdness & Mutations

You are immune to sickness and miasma.
Your stone body is resilient. (AC +8)
You are immune to poison.
You resist negative energy. (rN+)
You are resistant to electric shocks. (rElec)
You are resistant to unholy torment.
You are immune to petrification.
Your flesh is heat resistant. (rF+)
You have hidden genetic potential.


   Skills:
 - Level 9.0(14.0) Fighting
 + Level 11.9(16.9) Axes
 - Level 2.2(7.2) Throwing
 - Level 10.0(15.0) Armour
 - Level 1.0(6.0) Dodging
 - Level 5.0(10.0) Shields
 - Level 10.0 Invocations


You had 11 spell levels left.
You didn't know any spells.
Your spell library was empty.

Inventory:

Hand Weapons
 m - a +0 morningstar
 Y - a +1 war axe (weapon)
Armour
 c - a +0 buckler (worn)
 g - a +0 pair of gloves (worn)
 k - a +0 pair of boots (worn)
 l - a +1 chain mail of cold resistance
 n - a +0 helmet (worn)
 v - the +4 crystal plate armour of Daisies (worn) {Harm Str+2 Slay+2}
   (Okawaru gifted it to you on level 1 of the Lair of Beasts)

   Str:       It affects your strength (+2).
   Slay:      It affects your accuracy & damage with ranged weapons and melee
   (+2).
   Harm:      It increases damage dealt and taken.
Jewellery
 h - a ring of see invisible (left hand)
 o - a ring of protection from fire
 u - a +4 ring of evasion (right hand)
Wands
 b - a wand of digging (6)
Scrolls
 p - 2 scrolls of identify
Potions
 d - a potion of might
 f - 2 potions of attraction
 i - 3 potions of cancellation
 j - 5 potions of curing
 r - a potion of mutation
 s - a potion of haste
 t - 2 potions of magic

Dungeon Overview and Level Annotations

Branches:
Dungeon (8/15)             Temple (0/1) D:5            Lair (3/5) D:8
  Sewer (visited)
  Swamp: Lair:2-3    Shoals: Lair:2-3     Snake: Lair:2-3    Spider: Lair:2-3

Altars:
Ashenzari
Dithmenos
Elyvilon
Fedhas
Kikubaaqudgha
Okawaru
Ru
Sif Muna
Vehumet
Xom
Yredelemnul
Zin

Shops:
D:2 (   D:4 *   D:6 *   D:8 =

Annotations:
Lair:3 Rupert


Message History

Rupert roars madly and goes into a rage!
Rupert goes berserk!
You hit Rupert.
Rupert is lightly wounded.
You hit Rupert.
Rupert is lightly wounded.
Rupert hits you with a +1 battleaxe of freezing!
Rupert freezes you.
You closely miss Rupert.
Rupert is lightly wounded.
You closely miss Rupert.
Rupert is lightly wounded.
Rupert closely misses you.
You slice Rupert!!
Rupert is moderately wounded.
You hit Rupert.
Rupert is moderately wounded.
Rupert closely misses you.
You slice Rupert!!
Rupert is heavily wounded.
You closely miss Rupert.
Rupert is heavily wounded.
Rupert barely misses you.
You hit Rupert.
Rupert is heavily wounded.
You slash Rupert!
Rupert is heavily wounded.
Rupert hits you but does no damage.
You barely miss Rupert.
Rupert is heavily wounded.
You slash Rupert!
Rupert is severely wounded.
Rupert hits you with a +1 battleaxe of freezing!!
Rupert freezes you.
You slash Rupert!
Rupert is severely wounded.
You hit Rupert.
Rupert is severely wounded.
Rupert hits you with a +1 battleaxe of freezing!!
You die...

#. ..# # #.# . ##.#
.# ... #.# ##
####.######..# #.
##.##.#..##.#....#
...
..........@..[.)#
#.##..###..###@....#
#.#..# ##.P#####P.#
#..P# #..P# P.#
#.P###...# ...
###...#.#.P# ....
.###.#..#.#(.## ....
.............# ....
#P.#..<.......... #
#P........#P..


You could see Rupert (berserk).

Vanquished Creatures
  Gastronok (Lair:3)
  Nergalle (Lair:1)
  Pikel (D:6)
  6 elephants (Lair:1)
  2 black mambas (Lair:1)
  2 cane toads (Lair:1)
  A rime drake (Lair:1)
  4 komodo dragons
  2 polar bears
  7 blink frogs (Lair:1)
  A wyvern (Lair:1)
  3 fire bats (Lair:1)
  13 yaks
  A steam dragon (D:8)
  2 basilisks
  22 water moccasins
  A sky beast (D:8)
  An ice beast (D:6)
  2 orc warriors
  3 black bears
  3 wolves (Lair:2)
  An ogre (D:6)
  2 centaurs
  A phantom (D:4)
  A necrophage (D:7)
  8 bullfrogs
  3 scorpions
  4 killer bees (D:8)
  2 electric eels
  4 howler monkeys
  2 jellies
  A hound (D:5)
  6 orc priests
  Jessica (D:2)
  2 iguanas
  2 orc wizards
  4 hell rats (Lair:1)
  32 adders
  4 river rats (Sewer)
  A shadow imp (D:6)
  A white imp (D:5)
  2 worms
  2 dart slugs
  15 orcs
  17 ball pythons
  5 endoplasms
  5 giant cockroaches
  9 goblins
  3 hobgoblins
  3 quokkas
  4 bats
  7 frilled lizards
  3 kobolds
  27 rats
263 creatures vanquished.

Vanquished Creatures (others)
  An adder (Lair:1)
  20 fungi
  5 plants
26 creatures vanquished.

Grand Total: 289 creatures vanquished

Notes
Turn   | Place    | Note
-------+----------+-------------------------------------------
     0 | D:1      | qw the Gargoyle Fighter began the quest for the Orb.
     0 | D:1      | Reached XP level 1. HP: 14/14 MP: 1/1
     0 | D:1      | 0 ||| qw: Version: 0.1-a-119-g272c26d
     0 | D:1      | 0 ||| qw: Game counter: 11072
     0 | D:1      | 0 ||| qw: Always use a shield: true
     0 | D:1      | 0 ||| qw: God list: Okawaru
     0 | D:1      | 0 ||| qw: Allow faded altars: false
     0 | D:1      | 0 ||| qw: Do Orc after D:15 true
     0 | D:1      | 0 ||| qw: Do second Lair branch before Depths: true
     0 | D:1      | 0 ||| qw: Lair rune preference: random
     0 | D:1      | 0 ||| qw: Plans: Normal, Zot, God:TSO, Crypt, Tomb, Pan,
                  | Slime, Hells, Zig, Abyss, Orb
     0 | D:1      | 0 ||| PLANNING D:1-11
    29 | D:1      | Reached skill level 2 in Axes
    69 | D:1      | Found a faded altar of an unknown god.
   155 | D:1      | Reached XP level 2. HP: 19/19 MP: 2/2
   408 | D:1      | 408 ||| DRINKING 2 brown potions.
   409 | D:1      | 409 ||| DRINKING 2 dark potions.
   410 | D:1      | 410 ||| DROPPING potion of brilliance.
   411 | D:1      | 411 ||| DROPPING potion of flight.
   426 | D:2      | 426 ||| Stepping ~*~*~tactically~*~*~ (stealth).
   427 | D:2      | 427 ||| Stepping ~*~*~tactically~*~*~ (stealth).
   428 | D:2      | 428 ||| Stepping ~*~*~tactically~*~*~ (stealth).
   428 | D:2      | Noticed Jessica
   430 | D:2      | 430 ||| Stepping ~*~*~tactically~*~*~ (hiding).
   431 | D:2      | 431 ||| FLEEEEING.
   434 | D:2      | Killed Jessica
   435 | D:2      | Reached skill level 3 in Axes
   435 | D:2      | Reached XP level 3. HP: 17/23 MP: 3/3
   439 | D:2      | 439 ||| STAIRDANCE
   515 | D:2      | 515 ||| DROPPING +0 club.
   592 | D:2      | Reached XP level 4. HP: 28/28 MP: 4/4
   609 | D:2      | 609 ||| Stepping ~*~*~tactically~*~*~ (hiding).
   616 | D:2      | Reached skill level 4 in Axes
   863 | D:2      | Found Kaakle's Weapon Boutique.
   871 | D:2      | 871 ||| BUYING +0 morningstar (48 gold).
   871 | D:2      | Bought a +0 morningstar for 48 gold pieces
   871 | D:2      | 871 ||| DROPPING +8 club.
   923 | D:2      | Found a shimmering altar of Xom.
  1253 | D:2      | 1253 ||| UPGRADING to +0 pair of boots.
  1258 | D:2      | 1258 ||| UPGRADING to +0 helmet.
  1263 | D:2      | 1263 ||| UPGRADING to ring of see invisible.
  1264 | D:2      | 1264 ||| READING scroll labelled EROJOAJ DASATEUS.
  1265 | D:2      | 1265 ||| READING scroll labelled MORRAN NUROUNU.
  1266 | D:2      | 1266 ||| READING scroll labelled MONOAM OGRI.
  1317 | D:2      | 1317 ||| READING scroll labelled OFAM JUZONTU.
  1318 | D:2      | 1318 ||| READING scroll labelled GIF OPRYASOI.
  1784 | D:3      | Reached skill level 1 in Throwing
  1897 | D:3      | Reached XP level 5. HP: 32/32 MP: 5/5
  2003 | D:3      | Found an iron altar of Okawaru.
  2450 | D:3      | 2450 ||| UPGRADING to +0 pair of gloves.
  2455 | D:3      | 2455 ||| UPGRADING to +1 chain mail of cold resistance.
  2465 | D:3      | 2465 ||| DROPPING +0 scale mail.
  2466 | D:3      | 2466 ||| READING scroll labelled RUZUAGE QIHUTT.
  2467 | D:3      | 2467 ||| READING scroll labelled JIUFEU KENU.
  2468 | D:3      | 2468 ||| DRINKING 2 amethyst potions.
  2520 | D:3      | Became a worshipper of Warmaster Okawaru
  2558 | D:4      | Noticed a phantom
  2565 | D:4      | Killed a phantom
  2566 | D:4      | Reached skill level 5 in Axes
  2615 | D:4      | Found a shimmering altar of Xom.
  2624 | D:4      | Found a shadowy altar of Dithmenos.
  2627 | D:4      | Found a shimmering blue altar of Sif Muna.
  2627 | D:4      | Found an ancient bone altar of Kikubaaqudgha.
  2627 | D:4      | Noticed a water moccasin
  2628 | D:4      | 2628 ||| Stepping ~*~*~tactically~*~*~ (stealth).
  2630 | D:4      | 2630 ||| Stepping ~*~*~tactically~*~*~ (stealth).
  2646 | D:4      | HP: 6/32 [water moccasin (6)]
  2650 | D:4      | Killed a water moccasin
  2650 | D:4      | Reached * piety under Okawaru
  2651 | D:4      | Reached XP level 6. HP: 8/39 MP: 6/6
  2891 | D:4      | Found a radiant altar of Vehumet.
  2985 | D:4      | Reached skill level 1 in Invocations
  3253 | D:4      | Noticed a black bear
  3254 | D:4      | 3254 ||| INVOKING Heroism.
  3258 | D:4      | Killed a black bear
  3259 | D:4      | Reached XP level 7. HP: 44/44 MP: 5/8
  3353 | D:4      | Found Ecvuomior's Assorted Antiques.
  3391 | D:4      | 3391 ||| BUYING 3 scrolls of identify (174 gold).
  3391 | D:4      | Bought 3 scrolls of identify for 174 gold pieces
  3391 | D:4      | 3391 ||| BUYING fuming amethyst potion (26 gold).
  3391 | D:4      | Bought a fuming amethyst potion for 26 gold pieces
  3391 | D:4      | 3391 ||| SHOPLISTING knobbly golden ring (145 gold, have
                  | 26).
  3391 | D:4      | 3391 ||| BUYING murky silvery potion (26 gold).
  3391 | D:4      | Bought a murky silvery potion for 26 gold pieces
  3391 | D:4      | 3391 ||| SHOPLISTING scroll labelled ZOYSOPNEOR (29 gold,
                  | have 0).
  3437 | D:4      | 3437 ||| Stepping ~*~*~tactically~*~*~ (stealth).
  3441 | D:4      | 3441 ||| Stepping ~*~*~tactically~*~*~ (stealth).
  3446 | D:4      | 3446 ||| Stepping ~*~*~tactically~*~*~ (stealth).
  3467 | D:4      | 3467 ||| Stepping ~*~*~tactically~*~*~ (stealth).
  3828 | D:4      | 3828 ||| DRINKING 2 murky silvery potions.
  3829 | D:4      | 3829 ||| READING 5 scrolls of identify.
  3829 | D:4      | 3829 ||| IDENTIFYING fuming amethyst potion
  3830 | D:4      | 3830 ||| READING 4 scrolls of identify.
  3830 | D:4      | 3830 ||| IDENTIFYING silvery potion
  3831 | D:4      | 3831 ||| DROPPING potion of berserk rage.
  3861 | D:5      | Entered Level 5 of the Dungeon
  3989 | D:5      | Found a basalt altar of Yredelemnul.
  3990 | D:5      | 3990 ||| Stepping ~*~*~tactically~*~*~ (hiding).
  3991 | D:5      | 3991 ||| Stepping ~*~*~tactically~*~*~ (hiding).
  3994 | D:5      | 3994 ||| Stepping ~*~*~tactically~*~*~ (hiding).
  3994 | D:5      | Found a glowing silver altar of Zin.
  4002 | D:5      | 4002 ||| INVOKING Heroism.
  4007 | D:5      | Reached skill level 6 in Axes
  4007 | D:5      | Reached skill level 3 in Invocations
  4140 | D:5      | Found a blossoming altar of Fedhas.
  4140 | D:5      | Found a white marble altar of Elyvilon.
  4142 | D:5      | Found a broken altar of Ashenzari.
  4143 | D:5      | Found a sacrificial altar of Ru.
  4181 | D:5      | 4181 ||| Stepping ~*~*~tactically~*~*~ (hiding).
  4182 | D:5      | 4182 ||| Stepping ~*~*~tactically~*~*~ (hiding).
  4183 | D:5      | 4183 ||| Stepping ~*~*~tactically~*~*~ (hiding).
  4391 | D:5      | Found a staircase to the Ecumenical Temple.
  4434 | D:5      | 4434 ||| READING scroll labelled SYKLEIVIUQ.
  4438 | D:5      | 4438 ||| READING scroll labelled TESKEXT EVIXKIOWI.
  4439 | D:5      | 4439 ||| READING 4 scrolls of identify.
  4439 | D:5      | 4439 ||| IDENTIFYING orange potion
  4455 | D:6      | 4455 ||| PLANNING SEWER
  4500 | D:6      | Reached skill level 1 in Dodging
  4645 | D:6      | Found a glowing drain.
  4648 | D:6      | 4648 ||| FLEEEEING.
  4665 | D:6      | 4665 ||| FLEEEEING.
  4666 | D:6      | 4666 ||| FLEEEEING.
  4667 | D:6      | 4667 ||| FLEEEEING.
  4672 | D:6      | 4672 ||| FLEEEEING.
  4673 | D:6      | 4673 ||| FLEEEEING.
  4681 | D:6      | 4681 ||| FLEEEEING.
  4682 | D:6      | 4682 ||| FLEEEEING.
  4683 | D:6      | 4683 ||| FLEEEEING.
  4684 | D:6      | 4684 ||| FLEEEEING.
  4685 | D:6      | 4685 ||| FLEEEEING.
  4686 | D:6      | 4686 ||| STAIRDANCE
  4691 | D:6      | 4691 ||| FLEEEEING.
  4692 | D:6      | 4692 ||| INVOKING Heroism.
  4698 | D:6      | HP: 8/44 [ogre/+0 giant spiked club (10)]
  4699 | D:6      | 4699 ||| DRINKING 2 potions of heal wounds.
  4717 | D:6      | 4717 ||| STAIRDANCE
  4761 | Sewer    | Entered a sewer
  4780 | Sewer    | 4780 ||| INVOKING Heroism.
  4782 | Sewer    | Reached XP level 8. HP: 48/48 MP: 8/11
  4812 | Sewer    | 4812 ||| Stepping ~*~*~tactically~*~*~ (stealth).
  4813 | Sewer    | 4813 ||| Stepping ~*~*~tactically~*~*~ (stealth).
  4851 | Sewer    | 4851 ||| INVOKING Heroism.
  4939 | Sewer    | 4939 ||| INVOKING Heroism.
  4974 | Sewer    | 4974 ||| Stepping ~*~*~tactically~*~*~ (water).
  4982 | Sewer    | 4982 ||| Stepping ~*~*~tactically~*~*~ (stealth).
  4983 | Sewer    | 4983 ||| Stepping ~*~*~tactically~*~*~ (stealth).
  5068 | Sewer    | 5068 ||| INVOKING Heroism.
  5080 | Sewer    | Reached skill level 7 in Axes
  5169 | Sewer    | 5169 ||| READING 2 scrolls labelled ZAL RASOANAR.
  5170 | Sewer    | 5170 ||| READING 2 scrolls labelled HEOFIULICK.
  5171 | Sewer    | 5171 ||| READING scroll labelled SEAWI GEPHAINE.
  5172 | Sewer    | 5172 ||| READING scroll labelled DOOCKA HEWOTHEO.
  5173 | Sewer    | 5173 ||| READING 3 scrolls of identify.
  5173 | Sewer    | 5173 ||| IDENTIFYING purple potion
  5174 | Sewer    | 5174 ||| DROPPING scroll of immolation.
  5175 | Sewer    | 5175 ||| DROPPING scroll of amnesia.
  5179 | D:6      | 5179 ||| PLANNING D:1-11
  5197 | D:6      | Noticed Pikel
  5198 | D:6      | 5198 ||| Stepping ~*~*~tactically~*~*~ (hiding).
  5204 | D:6      | 5204 ||| INVOKING Heroism.
  5215 | D:6      | Killed Pikel
  5215 | D:6      | Reached ** piety under Okawaru
  5216 | D:6      | Reached skill level 6 in Armour
  5266 | D:6      | 5266 ||| INVOKING Heroism.
  5280 | D:6      | 5280 ||| INVOKING Heroism.
  5282 | D:6      | Reached XP level 9. HP: 39/54 MP: 8/12
  5502 | D:6      | 5502 ||| Stepping ~*~*~tactically~*~*~ (hiding).
  5503 | D:6      | 5503 ||| INVOKING Heroism.
  5540 | D:6      | 5540 ||| INVOKING Heroism.
  5842 | D:6      | Found Mocatwo's Gadget Gallery.
  5953 | D:6      | 5953 ||| INVOKING Heroism.
  6251 | D:6      | 6251 ||| UPGRADING to +0 plate armour.
  6261 | D:6      | 6261 ||| READING 2 scrolls of identify.
  6261 | D:6      | 6261 ||| IDENTIFYING inky potion
  6262 | D:6      | 6262 ||| DROPPING potion of degeneration.
  6290 | D:7      | 6290 ||| Stepping ~*~*~tactically~*~*~ (stealth).
  6291 | D:7      | 6291 ||| Stepping ~*~*~tactically~*~*~ (stealth).
  6293 | D:7      | 6293 ||| INVOKING Heroism.
  6294 | D:7      | 6294 ||| Stepping ~*~*~tactically~*~*~ (hiding).
  6303 | D:7      | Reached skill level 8 in Axes
  6491 | D:7      | 6491 ||| STAIRDANCE
  6558 | D:7      | Reached skill level 6 in Fighting
  6558 | D:7      | 6558 ||| STAIRDANCE
  6947 | D:7      | 6947 ||| INVOKING Heroism.
  7275 | D:7      | 7275 ||| UPGRADING to +4 ring of evasion.
  7299 | D:8      | Found Nuivadaq's Jewellery Emporium.
  7302 | D:8      | 7302 ||| INVOKING Heroism.
  7316 | D:8      | Reached skill level 9 in Axes
  7446 | D:8      | 7446 ||| SHOPLISTING +4 ring of slaying (858 gold, have
                  | 308).
  7446 | D:8      | 7446 ||| SHOPLISTING +6 ring of strength (396 gold, have
                  | 308).
  7446 | D:8      | 7446 ||| SHOPLISTING amulet of regeneration (330 gold, have
                  | 308).
  7446 | D:8      | 7446 ||| SHOPLISTING ring of Cicach {Will+ Str+4 SInv} (396
                  | gold, have 308).
  7446 | D:8      | 7446 ||| SHOPLISTING ring of Qeastryakh {Contam Fly rF++
                  | MP+9} (608 gold, have 308).
  7446 | D:8      | 7446 ||| SHOPLISTING ring of Qicwyg {rC+ Str+6} (550 gold,
                  | have 308).
  7446 | D:8      | 7446 ||| BUYING ring of protection from fire (275 gold).
  7446 | D:8      | Bought a ring of protection from fire for 275 gold pieces
  7473 | D:8      | 7473 ||| Stepping ~*~*~tactically~*~*~ (stealth).
  7511 | D:8      | 7511 ||| INVOKING Heroism.
  7522 | D:8      | Reached *** piety under Okawaru
  7525 | D:8      | Reached XP level 10. HP: 38/63 MP: 11/13
  7716 | D:8      | 7716 ||| Stepping ~*~*~tactically~*~*~ (stealth).
  7736 | D:8      | 7736 ||| INVOKING Heroism.
  7748 | D:8      | Reached skill level 10 in Axes
  7774 | D:8      | 7774 ||| Stepping ~*~*~tactically~*~*~ (stealth).
  7776 | D:8      | 7776 ||| INVOKING Heroism.
  7856 | D:8      | 7856 ||| Stepping ~*~*~tactically~*~*~ (hiding).
  7860 | D:8      | 7860 ||| INVOKING Heroism.
  7873 | D:8      | 7873 ||| Stepping ~*~*~tactically~*~*~ (stealth).
  7876 | D:8      | 7876 ||| INVOKING Heroism.
  7939 | D:8      | Found a staircase to the Lair.
  8196 | D:8      | 8196 ||| PLANNING LAIR
  8196 | D:8      | 8196 ||| DRINKING 3 murky clear potions.
  8244 | Lair:1   | Entered Level 1 of the Lair of Beasts
  8244 | Lair:1   | Noticed a black mamba
  8245 | Lair:1   | 8245 ||| INVOKING Heroism.
  8249 | Lair:1   | Killed a black mamba
  8249 | Lair:1   | Reached **** piety under Okawaru
  8261 | Lair:1   | Noticed a cane toad
  8274 | Lair:1   | 8274 ||| INVOKING Heroism.
  8287 | Lair:1   | Killed a cane toad
  8324 | Lair:1   | Noticed an elephant
  8325 | Lair:1   | 8325 ||| Stepping ~*~*~tactically~*~*~ (stealth).
  8330 | Lair:1   | Noticed an elephant
  8331 | Lair:1   | 8331 ||| Stepping ~*~*~tactically~*~*~ (stealth).
  8348 | Lair:1   | 8348 ||| Stepping ~*~*~tactically~*~*~ (stealth).
  8348 | Lair:1   | Noticed an elephant
  8348 | Lair:1   | Noticed an elephant
  8349 | Lair:1   | 8349 ||| Stepping ~*~*~tactically~*~*~ (stealth).
  8351 | Lair:1   | Noticed an elephant
  8354 | Lair:1   | 8354 ||| Stepping ~*~*~tactically~*~*~ (stealth).
  8357 | Lair:1   | 8357 ||| INVOKING Heroism.
  8357 | Lair:1   | Noticed an elephant
  8367 | Lair:1   | Killed an elephant
  8373 | Lair:1   | HP: 14/64 [elephant (6)]
  8374 | Lair:1   | 8374 ||| READING scroll of teleportation.
  8375 | Lair:1   | 8375 ||| DRINKING 3 potions of heal wounds.
  8377 | Lair:1   | 8377 ||| DRINKING 2 potions of heal wounds.
  8407 | Lair:1   | 8407 ||| Stepping ~*~*~tactically~*~*~ (stealth).
  8495 | Lair:1   | 8495 ||| INVOKING Heroism.
  8501 | Lair:1   | Killed an elephant
  8502 | Lair:1   | Killed an elephant
  8503 | Lair:1   | Reached skill level 6 in Invocations
  8509 | Lair:1   | Killed an elephant
  8509 | Lair:1   | Reached ***** piety under Okawaru
  8510 | Lair:1   | Reached XP level 11. HP: 39/68 MP: 13/16
  8627 | Lair:1   | 8627 ||| INVOKING Heroism.
  8651 | Lair:1   | Reached skill level 11 in Axes
  8762 | Lair:1   | 8762 ||| Stepping ~*~*~tactically~*~*~ (hiding).
  8847 | Lair:1   | 8847 ||| INVOKING Heroism.
  8939 | Lair:1   | 8939 ||| Stepping ~*~*~tactically~*~*~ (stealth).
  8973 | Lair:1   | 8973 ||| Stepping ~*~*~tactically~*~*~ (stealth).
  8979 | Lair:1   | 8979 ||| INVOKING Heroism.
  9033 | Lair:1   | 9033 ||| INVOKING Heroism.
  9058 | Lair:1   | Noticed Nergalle
  9080 | Lair:1   | 9080 ||| INVOKING Heroism.
  9082 | Lair:1   | Killed Nergalle
  9082 | Lair:1   | Identified the +4 crystal plate armour of Daisies {Harm
                  | Str+2 Slay+2} (Okawaru gifted it to you on level 1 of the
                  | Lair of Beasts)
  9082 | Lair:1   | Received a gift from Okawaru
  9119 | Lair:1   | 9119 ||| INVOKING Heroism.
  9263 | Lair:1   | 9263 ||| INVOKING Heroism.
  9289 | Lair:1   | Reached skill level 9 in Invocations
  9461 | Lair:1   | 9461 ||| INVOKING Heroism.
  9493 | Lair:1   | 9493 ||| INVOKING Heroism.
  9501 | Lair:1   | Reached skill level 9 in Fighting
  9740 | Lair:1   | 9740 ||| INVOKING Heroism.
  9763 | Lair:1   | 9763 ||| Stepping ~*~*~tactically~*~*~ (water).
  9774 | Lair:1   | 9774 ||| Stepping ~*~*~tactically~*~*~ (stealth).
  9776 | Lair:1   | 9776 ||| Stepping ~*~*~tactically~*~*~ (stealth).
  9787 | Lair:1   | 9787 ||| Stepping ~*~*~tactically~*~*~ (stealth).
  9789 | Lair:1   | 9789 ||| Stepping ~*~*~tactically~*~*~ (stealth).
 10184 | Lair:1   | 10184 ||| UPGRADING to +4 crystal plate armour of Daisies
                  | {Harm Str+2 Slay+2}.
 10194 | Lair:1   | 10194 ||| DROPPING +0 plate armour.
 10195 | Lair:1   | 10195 ||| READING scroll labelled COGIAPSIMICW.
 10196 | Lair:1   | 10196 ||| DRINKING 2 golden potions.
 10196 | Lair:1   | Gained mutation: Your flesh is heat resistant. (rF+)
                  | [potion of mutation]
 10196 | Lair:1   | Gained mutation: You have hidden genetic potential. [potion
                  | of mutation]
 10237 | Lair:2   | 10237 ||| STAIRDANCE
 10239 | Lair:1   | 10239 ||| INVOKING Heroism.
 10243 | Lair:1   | Reached XP level 12. HP: 76/76 MP: 16/19
 10261 | Lair:2   | 10261 ||| STAIRDANCE
 10274 | Lair:1   | 10274 ||| INVOKING Heroism.
 10280 | Lair:1   | Reached skill level 9 in Armour
 10302 | Lair:2   | 10302 ||| STAIRDANCE
 10375 | Lair:2   | 10375 ||| INVOKING Heroism.
 10498 | Lair:2   | 10498 ||| INVOKING Heroism.
 10634 | Lair:2   | 10634 ||| INVOKING Heroism.
 10771 | Lair:2   | 10771 ||| Stepping ~*~*~tactically~*~*~ (stealth).
 10772 | Lair:2   | 10772 ||| Stepping ~*~*~tactically~*~*~ (stealth).
 11385 | Lair:3   | Noticed Gastronok
 11386 | Lair:3   | 11386 ||| INVOKING Heroism.
 11394 | Lair:3   | HP: 6/76 [Gastronok (28)]
 11395 | Lair:3   | 11395 ||| DRINKING potion of heal wounds.
 11400 | Lair:3   | HP: 11/76 [Gastronok/the air (6)]
 11403 | Lair:3   | Killed Gastronok
 11675 | Lair:3   | 11675 ||| Stepping ~*~*~tactically~*~*~ (stealth).
 11683 | Lair:3   | Noticed Rupert
 11684 | Lair:3   | 11684 ||| INVOKING Heroism.
 11685 | Lair:3   | 11685 ||| INVOKING Finesse.
 11703 | Lair:3   | Mangled by Rupert

Levels and vault maps discovered:
D:1:      lightli_arrival_noodles, layout_rooms, shapermc_ecumenical_altar_venn
D:2:      layout_basic, basic_altar, serial_shops, shop_statue,
          nrook_loot_triangle, uniq_jessica
D:3:      minmay_door_path, layout_basic, amcnicky_altar_gilded
D:4:      layout_loops_corners, nicolae_overflow_hallway_of_the_gods,
          serial_shops, nicolae_shop_temple_entry_statues_fountains
D:5:      layout_cave_pools, grunt_temple_overflow_open,
          minmay_temple_entry_large_hall
D:6:      layout_loops_corners, cheibrodos_sewer_entry_sluice,
          nrook_pool_corridor, nicolae_shop_gadgets, uniq_pikel
D:7:      layout_basic
D:8:      layout_cave_pools, lair_entry_dummy, serial_shops, shop
Lair:1:   lemuel_reptile_caves, layout_misc_corridors,
          nicolae_volcano_entry_batcave, grunt_megastairs_5, uniq_nergalle
Lair:2:   layout_small_grid, serial_bayou_pond_c, lemuel_fruit_tree
Lair:3:   layout_small_grid, swamp_mist_pool,
          minmay_snake_entry_guardpost_small, uniq_amaemon, uniq_gastronok,
          uniq_rupert

Skill      XL: |  1  2  3  4  5  6  7  8  9 10 11 12 |
---------------+-------------------------------------+-----
Axes           | 2 3 4 5 6 7 9 10 11 | 11.9
Throwing       | 1 2 |  2.2
Fighting       | 4 5 7 8 9 |  9.0
Invocations    | 2 4 6 10 | 10.0
Dodging        | 1 |  1.0
Armour         | 6 7 8 10 | 10.0
Shields        | 4 5 |  5.0

Action                   |  1- 3 |  4- 6 |  7- 9 | 10-12 || total
-------------------------+-------+-------+-------+-------++-------
Melee: War axe           |    46 |   163 |   350 |   443 ||  1002
Throw: Javelin           |       |    25 |    34 |     4 ||    63
       Boomerang         |       |       |     6 |    31 ||    37
Invok: Heroism           |       |     1 |    16 |    25 ||    42
       Finesse           |       |       |       |     1 ||     1
  Use: Potion            |     2 |     1 |     2 |     5 ||    10
       Scroll            |       |     7 |    11 |     2 ||    20
 Stab: Distracted        |       |       |       |     1 ||     1
Armor: Scale mail        |    24 |    55 |       |       ||    79
       Chain mail        |       |    49 |   193 |       ||   242
       Plate armour      |       |       |    44 |   228 ||   272
       Crystal plate arm |       |       |       |    57 ||    57
Dodge: Dodged            |    21 |    65 |   149 |   233 ||   468
Block: Buckler           |     3 |    29 |    79 |   123 ||   234

Table legend:
 A = Non-vault XP
 B = Vault XP
 C = Vault XP percentage of total XP
 D = Non-vault monster count
 E = Vault monster count
 F = Vault count percentage of total count
                 A         B        C        D         E       F
            +---------+---------+-------+---------+---------+-------
      Total |   17337 |    6290 |  26.6 |     176 |      88 |  33.3
            +---------+---------+-------+---------+---------+-------
        D:1 |      16 |       0 |   0.0 |      10 |       0 |   0.0
        D:2 |      81 |      37 |  31.4 |      20 |       1 |   4.8
        D:3 |      41 |      20 |  32.8 |      14 |       4 |  22.2
        D:4 |     606 |       0 |   0.0 |      24 |       0 |   0.0
        D:5 |     178 |       0 |   0.0 |       4 |       0 |   0.0
        D:6 |     992 |     709 |  41.7 |      19 |       3 |  13.6
        D:7 |     513 |       0 |   0.0 |      10 |       0 |   0.0
        D:8 |    2570 |       0 |   0.0 |      25 |       0 |   0.0
     Lair:1 |   10296 |    3729 |  26.6 |      39 |      36 |  48.0
     Lair:2 |    1951 |       0 |   0.0 |      10 |       0 |   0.0
     Lair:3 |      93 |    1445 |  94.0 |       1 |       1 |  50.0
      Sewer |       0 |     350 | 100.0 |       0 |      43 | 100.0
            +---------+---------+-------+---------+---------+-------
